 Dungeon Crawl Stone Soup version 0.14-a0-882-gdff4d47 (webtiles) character file.

202 4tharraofdagon the Firebug (level 5, -5/42 HPs)
             Began as a Naga Fire Elementalist on Nov 17, 2013.
             Was an Initiate of Vehumet.
             Killed from afar by an orc wizard (6 damage)
             ... with a magic dart
             ... on Level 5 of the Dungeon.
             The game lasted 00:06:52 (765 turns).

4tharraofdagon the Firebug (Naga Fire Elementalist)  Turns: 765, Time: 00:06:52

HP  -5/42        AC  4     Str 10      XL: 5   Next: 56%
MP   9/9         EV 10     Int 16      God: Vehumet [......]
Gold 26          SH  0     Dex 12      Spells:  3 memorised,  0 levels left

Res.Fire  : . . .   See Invis. : +   k - +1,+3 dwarf dagger
Res.Cold  : . . .   Warding    : .   f - +2 elf robe {MR+}
Life Prot.: . . .   Conserve   : .   (no shield)
Res.Poison: +       Res.Corr.  : .   (no helmet)
Res.Elec. : .       Clarity    : .   (no cloak)
Sust.Abil.: . .     Spirit.Shd : .   (no gloves)
Res.Mut.  : .       Stasis     : .   (no barding)
Res.Rott. : .       Flight     : .   (no amulet)
Saprovore : . . .                    (no ring)
                                     (no ring)

@: very slow, somewhat resistant to hostile enchantments, stealthy
A: spit poison, see invisible, deformed body, poison resistance, slowness 2, AC
+1
a: Spit Poison, Renounce Religion


You were on level 5 of the Dungeon.
You worshipped Vehumet.
Vehumet was noncommittal.
You were not hungry.

You visited 2 branches of the dungeon, and saw 6 of its levels.

You collected 26 gold pieces.

Inventory:

Hand weapons
 h - a +2 elven blowgun
 k - a +1,+3 dwarven dagger (weapon)
Missiles
 l - 2 curare-tipped needles
Armour
 a - a +0 robe
 f - a +2 elven robe of magic resistance (worn)
Comestibles
 c - a bread ration
 i - 3 chunks of orc flesh
Scrolls
 e - 2 scrolls of identify
 g - a scroll of magic mapping {unknown}
 j - a scroll of enchant armour {unknown}
Books
 b - a book of Flames

   Spells                             Type                      Level
   *Flame Tongue                      Conjuration/Fire             1
   Throw Flame                        Conjuration/Fire             2
   *Conjure Flame                     Conjuration/Fire             3
   Inner Flame                        Hexes/Fire                   3
   *Sticky Flame                      Conjuration/Fire             4
   Fireball                           Conjuration/Fire             5


   Skills:
 - Level 1.5 Dodging
 - Level 3.0 Stealth
 + Level 2.1 Spellcasting
 * Level 3.1 Conjurations
 * Level 4.6 Fire Magic


You couldn't memorise any spells.
You knew the following spells:

 Your Spells              Type           Power        Failure   Level  Hunger
a - Flame Tongue          Conj/Fire      ##...        6%          1    #......
b - Conjure Flame         Conj/Fire      ##......     14%         3    ####...
c - Sticky Flame          Conj/Fire      ##......     50%         4    #####..


Dungeon Overview and Level Annotations

Branches:
Dungeon (5/16)             Temple (1/1) D:5

Altars:
Fedhas
Kikubaaqudgha
Makhleb
Nemelex Xobeh
Sif Muna
Vehumet
Xom
Lugonu


Innate Abilities, Weirdness & Mutations

You cannot wear boots.
You can spit poison.
Your serpentine skin is tough (AC +1).
You have supernaturally acute eyesight.
Armour fits poorly on your strangely shaped body.
Your system is resistant to poisons.
You cover ground very slowly.


Message History

The puff of flame hits you!
Your scroll of teleportation catches fire!
* * * LOW HITPOINT WARNING * * *
The orc wizard points at you and mumbles some strange words.
The magic dart hits you!
* * * LOW HITPOINT WARNING * * *
You have got your breath back.
The orc wizard casts a spell at you. The magic dart hits you!
* * * LOW HITPOINT WARNING * * *
Unknown command.
Unknown command.
Unknown command.
Unknown command.
Unknown command.
Unknown command.
Unknown command.
The orc wizard casts a spell at you. The magic dart hits you!
You die...

....#...#.........#...........#.#
... #......>.o..............#.# .
###........?#.......[...#'#
#########.)⌠...⌠..##.##..........
.......[......%......##..........
.......##.........#####..........
.......###.##.##.########+#####+#
.......'.........>.........
.......###......@...#####...
.......# #..........# #o...
.......# #..........# #.$...
.......# ########'### #.....#
.......# #.# .....) .......# #.#
#.. .......# #.# .......# #.#
.......# #.#


You could see an orc wizard (invisible).

Vanquished Creatures
  A phantom (D:5)
  An orc wizard (D:5)
  A worker ant (D:3)
  2 adders (D:5)
  2 bats
  4 giant cockroaches
  2 goblins (D:2)
  3 kobolds
  A quokka (D:3)
  3 giant newts
  A jackal zombie (D:5)
  A kobold skeleton (D:4)
22 creatures vanquished.

Notes
Turn   | Place    | Note
--------------------------------------------------------------
     0 | D:1      | 4tharraofdagon, the Naga Fire Elementalist, began the quest for the Orb.
     0 | D:1      | Reached XP level 1. HP: 15/15 MP: 3/3
   121 | D:3      | Found an ancient bone altar of Kikubaaqudgha.
   160 | D:3      | Reached XP level 2. HP: 22/22 MP: 1/4
   189 | D:3      | Noticed a worker ant
   204 | D:3      | Killed a worker ant
   204 | D:3      | Reached XP level 3. HP: 7/28 MP: 0/6
   231 | D:3      | Learned a level 3 spell: Conjure Flame
   243 | D:3      | Noticed an orc warrior
   458 | D:5      | Entered Level 5 of the Dungeon
   486 | D:5      | Found a staircase to the Ecumenical Temple.
   500 | D:5      | Noticed a phantom
   533 | D:5      | Killed a phantom
   533 | D:5      | Reached skill level 4 in Fire Magic
   533 | D:5      | Reached XP level 4. HP: 16/36 MP: 0/8
   533 | D:5      | Reached XP level 5. HP: 18/42 MP: 0/9
   539 | D:5      | Learned a level 4 spell: Sticky Flame
   722 | Temple   | Entered the Ecumenical Temple
   739 | Temple   | Became a worshipper of Vehumet
   761 | D:5      | HP: 1/42 [orc wizard/magic dart (3)]
   765 | D:5      | Killed from afar by an orc wizard

Action                   |  1- 3 |  4- 6 || total
-------------------------+-------+-------++-------
Melee: Unarmed           |     8 |       ||     8
       Dagger            |    10 |     1 ||    11
 Cast: Flame Tongue      |    18 |    10 ||    28
       Conjure Flame     |     1 |       ||     1
 Abil: Spit Poison       |    20 |     4 ||    24
  Use: Potion            |     2 |       ||     2
       Scroll            |       |     1 ||     1
 Stab: Sleeping          |     1 |       ||     1
